3AA
FT. POLK SOUTH THUNDER HAWKS @ BILLINGS POLAR BEARS
09/06/2031
 
TOP OF THE 1ST
Ft. Polk South Thunder Hawks batting - Pitching for Billings Polar Bears : RHP Steve Bryan
Pitching: RHP Steve Bryan
Batting: RHB Pedro Larate 0-0: Foul Ball, location: 2F
0-1: Swinging Strike
0-2: Strikes out swinging
Batting: LHB Kanko Umaba 0-0: Ground out U3 (Groundball, 3)
Batting: RHB Ryan Dudley 0-0: Foul Ball, location: 2F
0-1: Ball
1-1: Ball
2-1: Foul Ball, location: 2F
2-2: Reached on error, E6 (Groundball, 6)
Batting: LHB Ron Stewart Pickoff Throw to First - Error! E1
Ryan Dudley to second
0-0: Foul Ball, location: 2F
0-1: Fly out, F5 (Popup, 25F)
Top of the 1st over - 0 runs, 0 hits, 2 errors, 1 left on base; Ft. Polk South 0 - Billings 0
BOTTOM OF THE 1ST
Billings Polar Bears batting - Pitching for Ft. Polk South Thunder Hawks : RHP Octávio Valdéz
Pitching: RHP Octávio Valdéz
Batting: RHB Luis Pérez 0-0: Ball
1-0: Called Strike
1-1: Ball
2-1: Foul Ball, location: 2F
2-2: Strikes out swinging
Batting: RHB António Canales 0-0: Called Strike
0-1: SINGLE (Groundball, 3D)
Batting: RHB Gregory Shankland 0-0: Ball
1-0: Foul Ball, location: 2F
1-1: Called Strike
Balk!
António Canales to second
1-2: SINGLE (Line Drive, 8LS)
António Canales to third
Batting: SHB Kilipaki Malamapono 0-0: Swinging Strike
0-1: Called Strike
0-2: Strikes out looking
Batting: LHB Mark Armstead 0-0: Swinging Strike
0-1: Ball
1-1: Swinging Strike
1-2: Strikes out looking
Bottom of the 1st over - 0 runs, 2 hits, 0 errors, 2 left on base; Ft. Polk South 0 - Billings 0
TOP OF THE 2ND
Ft. Polk South Thunder Hawks batting - Pitching for Billings Polar Bears : RHP Steve Bryan
Batting: RHB Jon Moon 0-0: Reached on error, E6 (Groundball, 6)
Batting: RHB Chan-Wook Park 0-0: Fly out, F3 (Popup, 3L)
Batting: LHB Gabriel Amezquita 0-0: Fly out, F9 (Flyball, 89S)
Batting: RHB José Vargas 0-0: Ball
1-0: Fly out, F6 (Line Drive, 56D)
Top of the 2nd over - 0 runs, 0 hits, 1 error, 1 left on base; Ft. Polk South 0 - Billings 0
BOTTOM OF THE 2ND
Billings Polar Bears batting - Pitching for Ft. Polk South Thunder Hawks : RHP Octávio Valdéz
Batting: LHB Mo-ruo Teoh 0-0: Ball
1-0: Ball
2-0: Called Strike
2-1: Called Strike
2-2: Strikes out swinging
Batting: RHB Juan Rico 0-0: Ball
1-0: Called Strike
1-1: Called Strike
1-2: Ball
2-2: Ball
3-2: Base on Balls
Batting: LHB Atro Jarvilehto 0-0: Ball
1-0: Foul Ball, location: 2F
1-1: Foul Ball, location: 2F
1-2: Ball
2-2: Fielders Choice at 2nd, 4-6 (Groundball, 34)
Batting: RHB Karsten Naarden 0-0: Ball
1-0: Ball
2-0: Swinging Strike
2-1: Foul Ball, location: 2F
2-2: Fly out, F8 (Flyball, 8LD)
Bottom of the 2nd over - 0 runs, 0 hits, 0 errors, 1 left on base; Ft. Polk South 0 - Billings 0
TOP OF THE 3RD
Ft. Polk South Thunder Hawks batting - Pitching for Billings Polar Bears : RHP Steve Bryan
Batting: RHB Alejandro Santiago 0-0: Swinging Strike
0-1: Ball
1-1: Ball
2-1: Ball
3-1: SOLO HOME RUN (Flyball, 7LD), Distance : 354 ft
Batting: RHB Pedro Larate 0-0: Ball
1-0: Ball
2-0: Ball
3-0: Called Strike
3-1: Called Strike
3-2: Fly out, F7 (Line Drive, 7)
Batting: LHB Kanko Umaba 0-0: Ball
1-0: Called Strike
1-1: Called Strike
1-2: Fly out, F6 (Popup, 6MS)
Batting: RHB Ryan Dudley 0-0: Ball
1-0: Fly out, F9 (Flyball, 89M)
Top of the 3rd over - 1 run, 1 hit, 0 errors, 0 left on base; Ft. Polk South 1 - Billings 0
BOTTOM OF THE 3RD
Billings Polar Bears batting - Pitching for Ft. Polk South Thunder Hawks : RHP Octávio Valdéz
Batting: RHB Luis Pérez 0-0: Ball
1-0: Ball
2-0: Fly out, F6 (Line Drive, 6)
Batting: RHB António Canales 0-0: Foul Ball, location: 2F
0-1: Called Strike
0-2: Ball
1-2: Strikes out looking
Batting: RHB Gregory Shankland 0-0: Ball
1-0: Called Strike
1-1: SINGLE (Groundball, 4MD)
Batting: SHB Kilipaki Malamapono 0-0: Called Strike
0-1: Foul Ball, location: 2F
0-2: Fielders Choice at 2nd, 5-4 (Groundball, 56)
Bottom of the 3rd over - 0 runs, 1 hit, 0 errors, 1 left on base; Ft. Polk South 1 - Billings 0
TOP OF THE 4TH
Ft. Polk South Thunder Hawks batting - Pitching for Billings Polar Bears : RHP Steve Bryan
Batting: LHB Ron Stewart 0-0: Called Strike
0-1: Ball
1-1: Swinging Strike
1-2: Ball
2-2: SINGLE (Line Drive, 78S)
Batting: RHB Jon Moon 0-0: Ball
1-0: Grounds into double play, 5-4-3 (Groundball, 5)
Batting: RHB Chan-Wook Park 0-0: Foul Ball, location: 2F
0-1: Foul Ball, location: 2F
0-2: Foul Ball, location: 2F
0-2: SOLO HOME RUN (Flyball, 7D), Distance : 383 ft
Batting: LHB Gabriel Amezquita 0-0: Foul Ball, location: 2F
0-1: Swinging Strike
0-2: Foul Ball, location: 2F
0-2: DOUBLE (Line Drive, 9D)
Batting: RHB José Vargas 0-0: Called Strike
0-1: Foul Ball, location: 2F
0-2: Ball
1-2: Foul Ball, location: 2F
1-2: Foul Ball, location: 2F
1-2: Fly out, F9 (Flyball, 9S)
Top of the 4th over - 1 run, 3 hits, 0 errors, 1 left on base; Ft. Polk South 2 - Billings 0
BOTTOM OF THE 4TH
Billings Polar Bears batting - Pitching for Ft. Polk South Thunder Hawks : RHP Octávio Valdéz
Batting: LHB Mark Armstead 0-0: Called Strike
0-1: Ball
1-1: Ball
2-1: Called Strike
2-2: Ball
3-2: Foul Ball, location: 2F
3-2: Foul Ball, location: 2F
3-2: SINGLE (Groundball, 6) (infield hit)
Batting: LHB Mo-ruo Teoh 0-0: Called Strike
0-1: Called Strike
0-2: Ball
1-2: Ball
2-2: Foul Ball, location: 2F
2-2: Foul Ball, location: 2F
2-2: Strikes out swinging
Batting: RHB Juan Rico 0-0: Swinging Strike
0-1: Ball
1-1: Foul Ball, location: 2F
1-2: Fly out, F1 (Popup, 15)
Batting: LHB Atro Jarvilehto 0-0: Called Strike
0-1: Called Strike
Mark Armstead steals 2nd base
0-2: Foul Ball, location: 2F
0-2: Ball
1-2: Ground out 6-3 (Groundball, 6S)
Bottom of the 4th over - 0 runs, 1 hit, 0 errors, 1 left on base; Ft. Polk South 2 - Billings 0
TOP OF THE 5TH
Ft. Polk South Thunder Hawks batting - Pitching for Billings Polar Bears : RHP Steve Bryan
Pitching: RHP Stanley Kent
Batting: RHB Alejandro Santiago 0-0: Called Strike
0-1: Called Strike
0-2: Strikes out swinging
Batting: RHB Pedro Larate 0-0: Ball
1-0: Called Strike
1-1: Foul Ball, location: 2F
1-2: Foul Ball, location: 2F
1-2: Ball
2-2: Strikes out swinging
Batting: LHB Kanko Umaba 0-0: Ball
1-0: Ball
2-0: SOLO HOME RUN (Flyball, 7LD), Distance : 368 ft
Batting: RHB Ryan Dudley 0-0: Called Strike
0-1: Foul Ball, location: 2F
0-2: Ball
1-2: Reached on error, E6 (Groundball, 6MS)
Batting: LHB Ron Stewart 0-0: Called Strike
0-1: Ground out 3-1 (Groundball, 34)
Top of the 5th over - 1 run, 1 hit, 1 error, 1 left on base; Ft. Polk South 3 - Billings 0
BOTTOM OF THE 5TH
Billings Polar Bears batting - Pitching for Ft. Polk South Thunder Hawks : RHP Octávio Valdéz
Batting: RHB Karsten Naarden 0-0: Ball
1-0: Fly out, F4 (Line Drive, 4M)
Batting: RHB Luis Pérez 0-0: Called Strike
0-1: Ball
1-1: SINGLE (Line Drive, 7S)
Batting: RHB António Canales 0-0: Ball
1-0: Swinging Strike
1-1: Ball
2-1: Reached on error, E6 (Groundball, 6)
Luis Pérez to second
Pitching: RHP Sima Babic
Batting: RHB Gregory Shankland 0-0: Foul Ball, location: 2F
0-1: Called Strike
Luis Pérez steals 3rd base
0-2: 3-RUN HOME RUN (Flyball, 7LD), Distance : 363 ft
Batting: SHB Kilipaki Malamapono 0-0: Ball
1-0: Foul Ball, location: 2F
1-1: Ball
2-1: Ground out 6-3 (Groundball, 6)
Batting: LHB Mark Armstead 0-0: Ground out 6-3 (Groundball, 6)
Bottom of the 5th over - 3 runs, 2 hits, 1 error, 0 left on base; Ft. Polk South 3 - Billings 3
TOP OF THE 6TH
Ft. Polk South Thunder Hawks batting - Pitching for Billings Polar Bears : RHP Stanley Kent
Batting: RHB Jon Moon 0-0: Fly out, F9 (Flyball, 9S)
Batting: RHB Chan-Wook Park 0-0: Called Strike
0-1: Foul Ball, location: 2F
0-2: Ball
1-2: Ball
2-2: Ball
3-2: Foul Ball, location: 2F
3-2: Ground out 5-3 (Groundball, 56S)
Batting: LHB Gabriel Amezquita 0-0: Called Strike
0-1: Swinging Strike
0-2: Strikes out swinging
Top of the 6th over - 0 runs, 0 hits, 0 errors, 0 left on base; Ft. Polk South 3 - Billings 3
BOTTOM OF THE 6TH
Billings Polar Bears batting - Pitching for Ft. Polk South Thunder Hawks : RHP Sima Babic
Batting: LHB Mo-ruo Teoh 0-0: Swinging Strike
0-1: Foul Ball, location: 2F
0-2: Foul Ball, location: 2F
0-2: Strikes out looking
Batting: RHB Juan Rico 0-0: Ball
1-0: Ball
2-0: Called Strike
2-1: Foul Ball, location: 2F
2-2: Strikes out swinging, 2-3 out at first.
Batting: LHB Atro Jarvilehto 0-0: Ball
1-0: Called Strike
1-1: Foul Ball, location: 2F
1-2: Foul Ball, location: 2F
1-2: Ground out 6-3 (Groundball, 6)
Bottom of the 6th over - 0 runs, 0 hits, 0 errors, 0 left on base; Ft. Polk South 3 - Billings 3
TOP OF THE 7TH
Ft. Polk South Thunder Hawks batting - Pitching for Billings Polar Bears : RHP Stanley Kent
Batting: RHB José Vargas 0-0: Fly out, F7 (Flyball, 7LS)
Batting: RHB Alejandro Santiago 0-0: Ball
1-0: Called Strike
1-1: Foul Ball, location: 2F
1-2: Ball
2-2: Fly out, F9 (Line Drive, 9)
Batting: RHB Pedro Larate 0-0: Ball
1-0: Foul Ball, location: 2F
1-1: SINGLE (Line Drive, 78M)
Batting: LHB Kanko Umaba 0-0: Ball
1-0: Called Strike
1-1: Fly out, F9 (Flyball, 9S)
Top of the 7th over - 0 runs, 1 hit, 0 errors, 1 left on base; Ft. Polk South 3 - Billings 3
BOTTOM OF THE 7TH
Billings Polar Bears batting - Pitching for Ft. Polk South Thunder Hawks : RHP Sima Babic
Batting: RHB Karsten Naarden 0-0: Ball
1-0: SINGLE (Groundball, 56S) (infield hit)
Batting: RHB Luis Pérez 0-0: Ball
1-0: Foul Ball, location: 2F
1-1: Ball
2-1: Ball
Karsten Naarden steals 2nd base
3-1: Foul Ball, location: 2F
3-2: Strikes out looking
Batting: RHB António Canales 0-0: Ball
1-0: Called Strike
1-1: Ball
2-1: Called Strike
2-2: Ground out 6-3 (Groundball, 6)
Karsten Naarden to third
Batting: RHB Gregory Shankland 0-0: Called Strike
0-1: Ball
1-1: SINGLE (Groundball, 6MD)
Karsten Naarden scores
Batting: SHB Kilipaki Malamapono 0-0: Swinging Strike
0-1: Called Strike
0-2: Fly out, F8 (Flyball, 8RS)
Bottom of the 7th over - 1 run, 2 hits, 0 errors, 1 left on base; Ft. Polk South 3 - Billings 4
TOP OF THE 8TH
Ft. Polk South Thunder Hawks batting - Pitching for Billings Polar Bears : RHP Stanley Kent
Batting: RHB Ryan Dudley 0-0: Called Strike
0-1: Ball
1-1: Ball
2-1: Ball
3-1: Foul Ball, location: 2F
3-2: Fly out, F5 (Line Drive, 5)
Batting: LHB Ron Stewart 0-0: Foul Ball, location: 2F
0-1: Ball
1-1: Swinging Strike
1-2: Ball
2-2: DOUBLE (Line Drive, 8LXD)
Pitching: RHP Francisco López
Batting: RHB Jon Moon 0-0: Ball
1-0: Swinging Strike
1-1: Foul Ball, location: 2F
1-2: Ball
2-2: Foul Ball, location: 2F
2-2: Foul Ball, location: 2F
2-2: Ball
3-2: Fly out, F9 (Flyball, 9S)
Batting: RHB Chan-Wook Park 0-0: Foul Ball, location: 2F
0-1: Ball
1-1: Foul Ball, location: 2F
1-2: Foul Ball, location: 2F
1-2: Foul Ball, location: 2F
1-2: Ball
2-2: Strikes out swinging
Top of the 8th over - 0 runs, 1 hit, 0 errors, 1 left on base; Ft. Polk South 3 - Billings 4
BOTTOM OF THE 8TH
Billings Polar Bears batting - Pitching for Ft. Polk South Thunder Hawks : RHP Sima Babic
Batting: LHB Mark Armstead 0-0: Called Strike
0-1: Ball
1-1: Foul Ball, location: 2F
1-2: Foul Ball, location: 2F
1-2: Ball
2-2: Ball
3-2: SINGLE (Groundball, 56D)
Batting: LHB Mo-ruo Teoh 0-0: Ball
1-0: Called Strike
1-1: Ball
2-1: Swinging Strike
2-2: Ball
3-2: Base on Balls
Mark Armstead to second
Batting: RHB Juan Rico 0-0: Fly out, F8 (Flyball, 78D)
Batting: LHB Atro Jarvilehto 0-0: Called Strike
Mark Armstead steals 3rd base
0-1: Ground out U3 (Groundball, 3L)
Mo-ruo Teoh to second
Pitching: LHP Garrett Schaper
Batting: RHB Karsten Naarden 0-0: Ball
1-0: Ball
2-0: Called Strike
2-1: SINGLE (Groundball, 6D)
Mark Armstead scores
Mo-ruo Teoh to third
Runner from 3rd tries for Home, throw and OUT!
Bottom of the 8th over - 1 run, 2 hits, 0 errors, 1 left on base; Ft. Polk South 3 - Billings 5
TOP OF THE 9TH
Ft. Polk South Thunder Hawks batting - Pitching for Billings Polar Bears : RHP Francisco López
Batting: LHB Gabriel Amezquita 0-0: Ball
1-0: SINGLE (Groundball, 4MD)
Batting: RHB José Vargas 0-0: Called Strike
0-1: Foul Ball, location: 2F
0-2: SINGLE (Groundball, 56D)
Gabriel Amezquita to second
Batting: RHB Alejandro Santiago 0-0: Ball
1-0: Called Strike
1-1: Fly out, F9 (Flyball, 9S)
Pinch Hitting: LHB Kelly Drijver 0-0: Ball
1-0: Fly out, F8 (Flyball, 8LD)
Batting: LHB Kanko Umaba 0-0: Called Strike
0-1: Ball
1-1: Swinging Strike
1-2: Fly out, F4 (Line Drive, 4M)
Top of the 9th over - 0 runs, 2 hits, 0 errors, 2 left on base; Ft. Polk South 3 - Billings 5
Tuesday, June 12th, 2018 - OOTP Baseball 18.8 Build 76